[Event "44th Chess Olympiad Women 2022"]
[Site "Chennai"]
[Date "2022.07.31"]
[Round "3.25"]
[White "Berezovska, Svetlana"]
[Black "Radikovic, Anamarija"]
[Result "1-0"]
[WhiteElo "1781"]
[BlackElo "2099"]
[Annotator "NA RC"]
[PlyCount "67"]
[EventDate "2022.??.??"]
[TimeControl "60"]

1. e4 c5 2. Nf3 d6 3. d4 cxd4 4. Nxd4 Nf6 5. Nc3 a6 6. h3 e5 7. Nde2 h5 8. Bg5 Be6 9. Bxf6 Qxf6 10. Nd5 Qd8 11. Qd3 Nd7 12. O-O-O g6 13.
Kb1 Nc5 14. Qf3 Bh6 15. Rg1 Bg5 16. g3 Rc8 17. h4 Be7 18.
Qe3 Bf8 19. Nec3 Bh6 20. f4 exf4 21. Qd4 Rf8 22. Nf6+ Ke7 23.
Ncd5+ Bxd5 24. Nxd5+ Ke8 25. Nf6+ Ke7 26. e5 d5 27. Nxd5+ Ke8 28.
Bh3 f5 29. exf6 Rc6 30. Qe5+ Kf7 31. Ne7 Qc7 32. Nxc6 Qxc6 33. Qe7+ Kg8 34. gxf4 1-0

[Event "44th Chess Olympiad Women 2022"]
[Site "Chennai"]
[Date "2022.07.31"]
[Round "3.25"]
[White "Berke, Ana"]
[Black "Jose de Ribbegren, Kenia"]
[Result "1-0"]
[WhiteElo "2163"]
[BlackElo "1787"]
[Annotator "RC"]
[PlyCount "59"]
[EventDate "2022.??.??"]
[TimeControl "60"]

1. e4 e6 2. d4 d5 3. Nd2 Nf6 4. e5 Nfd7 5. c3 c5 6. Bd3 b6 7. Ne2 Ba6 8. Bxa6 Nxa6 9. Nf4 Qe7 10. O-O Nc7 11. c4 g5 12. cxd5 gxf4 13.
d6 Qd8 14. dxc7 Qxc7 15. Nf3 cxd4 16. Bxf4 Bc5 17. Rc1 Qb7 18. Ng5 Ke7 19. Qh5 Raf8 20. Rfe1 Rhg8 21. Qh4 Ke8 22. Bg3 Be7 23. Ne4 Nxe5 24. Nf6+ Bxf6 25. Qxf6 Nc6 26. Qf3 Kd7 27. Red1 Rg5 28. Rxd4+ Rd5 29. Rxd5+ exd5 30. Qxd5+ 1-0

[Event "44th Chess Olympiad Women 2022"]
[Site "Chennai"]
[Date "2022.07.31"]
[Round "3.25"]
[White "Dejanovic, Tereza"]
[Black "Berezovsky, Fiorina"]
[Result "1-0"]
[WhiteElo "2011"]
[BlackElo "1544"]
[Annotator "NA"]
[PlyCount "75"]
[EventDate "2022.??.??"]
[TimeControl "60"]

1. e4 c5 2. c3 Nf6 3. e5 Nd5 4. d4 cxd4 5. Nf3 e6 6. cxd4 b6 7. Bc4 Ba6 8.
Bxa6 Nxa6 9. O-O Be7 10. Bd2 O-O 11. Nc3 Nac7 12. Ne4 f5 13.
exf6 Nxf6 14. Qe2 Ncd5 15. Rac1 Nxe4 16. Qxe4 Rf5 17. Ne5 Bg5 18. f4 Be7 19. g4 Rf8 20. Rf3 Rc8 21. Rh3 Nf6 22. Qd3 Rxc1+ 23. Bxc1 d5 24. g5 Ne4 25. Qe2 g6 26. Qg4 Qc8 27. Be3 Bd6 28.
Qh4 Qc7 29. Nxg6 Rf7 30. Ne5 Bxe5 31. dxe5 Qc2 32. g6 Qd1+ 33. Kg2 Qc2+ 34. Kh1 Qd1+ 35. Bg1 Re7 36. Qxe7 Nf2+ 37. Kg2 Qg4+ 38. Rg3 1-0

[Event "44th Chess Olympiad Women 2022"]
[Site "Chennai"]
[Date "2022.07.31"]
[Round "3.25"]
[White "Dubois, Martine"]
[Black "Medic, Mirjana"]
[Result "0-1"]
[WhiteElo "1782"]
[BlackElo "2194"]
[Annotator "RC"]
[PlyCount "104"]
[EventDate "2022.??.??"]
[TimeControl "60"]

1. e4 e6 2. d4 d5 3. Bd3 dxe4 4. Bxe4 Nf6 5. Bf3 Nbd7 6. Ne2 Bd6 7. O-O e5 8. Ng3 O-O 9. Nc3 exd4 10. Qxd4 Ne5 11. Be2 Ng6 12. Rd1 Qe7 13. Bg5 Qe5 14. Bxf6 Qxf6 15. Qxf6 gxf6 16. Bd3 Be5 17. Rab1 Be6 18. a3 Rad8 19. Be4 c6 20. Rxd8 Rxd8 21. Rd1 Rxd1+ 22. Nxd1 Ne7 23. Ne2 f5 24. Bf3 f4 25. g3 fxg3 26. hxg3 Nd5 27. Be4 Nb6 28. b3 a5 29. f4 Bd6 30. f5 Bd5 31. Bxd5 Nxd5 32. c4 Ne7 33.
f6 Ng6 34. a4 Be5 35. Ndc3 Bxf6 36. Ne4 Be7 37. Kg2 f5 38. Nd2 Kf7 39. Nd4 Kf6 40. Kf3 Bc5 41. Ne2 Ne5+ 42. Kf4 Nd3+ 43. Kf3 Bb4 44. Ke3 Nc5 45. Nc1 Bxd2+ 46. Kxd2 Ne4+ 47. Ke3 Nxg3 48. Nd3 Ne4 49. Kf4 h5 50. Ne5 Nc5 51. Nf3 Nxb3 52. Nh4 Nd4 0-1

[Event "44th Chess Olympiad Women 2022"]
[Site "Chennai"]
[Date "2022.07.31"]
[Round "3.26"]
[White "Al Maamari, Wafia Darwish"]
[Black "Mona, Khaled"]
[Result "0-1"]
[WhiteElo "1841"]
[BlackElo "2127"]
[Annotator "NA COMBH"]
[PlyCount "92"]
[EventDate "2022.??.??"]
[TimeControl "60"]

1. e4 e5 2. Nf3 Nc6 3. Bb5 Nge7 4. Nc3 d6 5. d4 Bd7 6. d5 Nb8 7. Bg5 h6 8. Bxd7+ Nxd7 9. Bxe7 Bxe7 10. O-O O-O 11. Ne2 g6 12. c4 a5 13. Rc1 Nc5 14. Qc2 f5 15. exf5 gxf5 16. Ng3 Qd7 17. b3 Rf7 18. a3 a4 19. b4 Nb3 20. Rcd1 Kh8 21. c5 Rg8 22. c6 bxc6 23.
Qxc6 Qxc6 24. dxc6 Rb8 25. Rd5 Kg7 26. Rfd1 Kf6 27. Ne2 Rb6 28. b5 Rf8 29. Nc3 Ra8 30. Rxd6+ Bxd6 31. Rxd6+ cxd6 32. Nd5+ Ke6 33. Nxb6 Ra7 34. h4 Na5 35. Nc8 Rc7 36. Nb6 Nxc6 37. bxc6 Rxc6 38. Nxa4 Rc1+ 39. Kh2 d5 40. Nb6 Rb1 41. Nxd5 Kxd5 42. h5 Rf1 43. Nh4 Rxf2 44. Kg1 Rf4 45. g3 Rxh4 46. gxh4 Kc4 0-1

[Event "44th Chess Olympiad Women 2022"]
[Site "Chennai"]
[Date "2022.07.31"]
[Round "3.26"]
[White "Mariam, Essa"]
[Black "Elansary, Eman"]
[Result "1-0"]
[WhiteElo "1591"]
[BlackElo "1936"]
[Annotator "NA RC"]
[PlyCount "81"]
[EventDate "2022.??.??"]
[TimeControl "60"]

1. e4 Nf6 2. e5 Nd5 3. d4 d6 4. c4 Nb6 5. exd6 cxd6 6. Nc3 g6 7. Be3 Bg7 8. Rc1 O-O 9. b3 N6d7 10. Be2 a5 11. Nf3 Nf6 12. h3 Bd7 13.
O-O Na6 14. Qd2 Re8 15. Rfd1 Nc7 16. d5 Na6 17. Bh6 a4 18.
Bxg7 Kxg7 19. b4 Nxb4 20. Rb1 Na6 21. Rxb7 Nc5 22. Rb4 Qa5 23. a3 Rab8 24. Qb2 Nb3 25. Nb5 Bxb5 26. cxb5 Kg8 27. Nd4 Nc5 28. Nc6 Qb6 29. Nxb8 Rxb8 30. Qd4 Ne8 31. Qe3 Rb7 32. Qh6 Rc7 33. Rdd4 Nf6 34. Rh4 Qa5 35. g4 e5 36. g5 Nxd5 37. Qxh7+ Kf8 38. Qh8+ Ke7 39. Bc4 Nb6 40. Qf6+ Kd7 41. Rh8 1-0

[Event "44th Chess Olympiad Women 2022"]
[Site "Chennai"]
[Date "2022.07.31"]
[Round "3.26"]
[White "Wafa, Shrook"]
[Black "Al Mansouri, Moza"]
[Result "1-0"]
[WhiteElo "2141"]
[BlackElo "1606"]
[Annotator "NA RC"]
[PlyCount "57"]
[EventDate "2022.??.??"]
[TimeControl "60"]

1. e4 c5 2. Nf3 d6 3. Nc3 Nf6 4. Bc4 e6 5. O-O Be7 6. d4 cxd4 7. Nxd4 O-O 8.
Bg5 Nc6 9. Qd2 d5 10. exd5 Nxd5 11. Bxe7 Ndxe7 12. Rad1 Ne5 13.
Be2 N7g6 14. Qe3 Qe7 15. f4 Nd7 16. Bf3 e5 17. fxe5 Ndxe5 18. Be4 Bg4 19. Rde1 Nc4 20. Qf2 Qb4 21. Nd5 Qd2 22. h3 Qxf2+ 23.
Rxf2 Bd7 24. b3 Nd6 25. Bxg6 hxg6 26. Re7 Rad8 27. c4 Nc8 28. Re4 Nd6 29. Ne7+ 1-0

[Event "44th Chess Olympiad Women 2022"]
[Site "Chennai"]
[Date "2022.07.31"]
[Round "3.26"]
[White "Wafa, Shahenda"]
[Black "Rouda Essa, Alserkal"]
[Result "0-1"]
[WhiteElo "2115"]
[BlackElo "1874"]
[Annotator "NA RC"]
[PlyCount "92"]
[EventDate "2022.??.??"]
[TimeControl "60"]

1. e4 e5 2. Nf3 Nc6 3. Bb5 a6 4. Ba4 Nf6 5. O-O Be7 6. Re1 b5 7. Bb3 O-O 8. a4 Bb7 9. d3 d6 10. Nbd2 Na5 11. Ba2 c5 12. Nf1 Qc7 13. Bd2 Nc6 14. c3 Rad8 15. Bg5 Nd7 16. axb5 axb5 17. Ne3 Nb6 18. Nf5 Bc8 19. Nxe7+ Nxe7 20. Bb3 Kh8 21. Nh4 f6 22. Be3 d5 23. exd5 Nbxd5 24. Qh5 Be6 25. Bc2 Bf7 26. Qe2 Ng6 27. Nxg6+ Bxg6 28. Red1 f5 29. Bg5 Rde8 30. d4 exd4 31. Qxb5 Rb8 32. Qc4 Bf7 33. Qd3 Bg6 34. Qf3 Qf7 35. cxd4 Bh5 36. Qa3 Bxd1 37. Rxd1 c4 38. Bc1 Nb4 39. Bb1 Qe6 40. Qc3 Rfe8 41. h3 Qe2 42. Rf1 Nd3 43. Bxd3 cxd3 44. d5 Rbc8 45. Qd2 Rc2 46. Qd1 d2 0-1

[Event "44th Chess Olympiad Women 2022"]
[Site "Chennai"]
[Date "2022.07.31"]
[Round "3.27"]
[White "Bobomurodova, Maftuna"]
[Black "Phiri Bertha"]
[Result "1-0"]
[WhiteElo "1914"]
[BlackElo "1606"]
[Annotator "NA"]
[PlyCount "113"]
[EventDate "2022.??.??"]
[TimeControl "60"]

1. e4 e6 2. d4 d5 3. Nd2 Nf6 4. e5 Nfd7 5. Bd3 c5 6. c3 Nc6 7. Ne2 a6 8. O-O g6 9. Nf3 Bg7 10. Bg5 Qc7 11. Qd2 c4 12. Bc2 h6 13.
Be3 b6 14. h4 Bb7 15. Nf4 Ne7 16. Nh2 O-O-O 17. Qe2 Rdg8 18. h5 g5 19. Nh3 Nf5 20. Bd2 Bf8 21. Ng4 Be7 22. Qf3 f6 23. Bxf5 exf5 24. Qxf5 fxe5 25. Nxe5 Rf8 26. Qg4 Rhg8 27. Ng6 Rf7 28. Qe6 Rgg7 29. f4 Qc6 30. Qxc6+ Bxc6 31. fxg5 hxg5 32. Bxg5 Bd6 33. h6 Rh7 34. Rxf7 Rxf7 35. Re1 Nf8 36. Nxf8 Bxf8 37. Bd2 Rh7 38. Re6 Kc7 39. Nf2 Bd7 40. Re5 Bxh6 41. Rh5 Bxd2 42. Rxh7 Kc6 43. Re7 Bf5 44. g4 Bb1 45. Re2 Bf4 46. Nh3 Bd6 47. g5 Kd7 48. Kf2 Bf5 49. Ng1 Bf4 50.
Nf3 Be4 51. Re1 Ke6 52. Rg1 Kf7 53. Ne5+ Kg7 54. Nd7 Bc7 55. Nf6 Bf4 56. Nh5+ Kf7 57. Nxf4 1-0

[Event "44th Chess Olympiad Women 2022"]
[Site "Chennai"]
[Date "2022.07.31"]
[Round "3.27"]
[White "Likando Namakau"]
[Black "Khamdamova, Afruza"]
[Result "0-1"]
[WhiteElo "1544"]
[BlackElo "1969"]
[Annotator "NA RC"]
[PlyCount "76"]
[EventDate "2022.??.??"]
[TimeControl "60"]

1. Nf3 Nf6 2. Nc3 d5 3. d4 e6 4. e3 c5 5. Be2 Nc6 6. Bb5 Bd6 7. b3 Qa5 8. Bd2 Qc7 9. Na4 cxd4 10. exd4 O-O 11. O-O a6 12. Bd3 e5 13. dxe5 Nxe5 14. h3 Nxd3 15. cxd3 Bf5 16. Rc1 Qd8 17. Bg5 h6 18. Be3 Rc8 19. Qd2 Qe7 20. Bd4 Nd7 21. Rfe1 Be6 22. Rxc8 Rxc8 23. Rc1 Qd8 24. Rxc8 Qxc8 25. Nb6 Qc7 26. Nxd7 Bxd7 27. b4 Bb5 28. Bc3 Bf4 29. Qc2 Qc8 30. Nd4 Be5 31. Ne2 d4 32. a4 Bd7 33. f4 Bf6 34. a5 dxc3 35. g4 Qc6 36. d4 Qf3 37. Kh2 Bc6 38.
Ng3 Bh4 0-1

[Event "44th Chess Olympiad Women 2022"]
[Site "Chennai"]
[Date "2022.07.31"]
[Round "3.27"]
[White "Mbatha, Constance"]
[Black "Omonova, Umida"]
[Result "0-1"]
[WhiteElo "1614"]
[BlackElo "2195"]
[Annotator "RC"]
[PlyCount "74"]
[EventDate "2022.??.??"]
[TimeControl "60"]

1. e4 c5 2. Nc3 Nc6 3. Nf3 g6 4. a3 Bg7 5. Bc4 e6 6. O-O Nge7 7. d3 O-O 8. Re1 d5 9. Ba2 d4 10. Ne2 e5 11. Bd2 h6 12. c3 dxc3 13.
Bxc3 b6 14. Qc2 Kh7 15. Rad1 Bg4 16. Nd2 Bxe2 17. Rxe2 Rc8 18. Nf1 b5 19. Qd2 a5 20. b4 axb4 21. axb4 cxb4 22. Bxb4 Nd4 23. Ne3 Nxe2+ 24. Qxe2 Nc6 25. Bxf8 Qxf8 26.
Qb2 Nd4 27. g3 f5 28. Bd5 f4 29. Ng2 Rc2 30. Qb1 fxg3 31. Rf1 Rxf2 32. Rxf2 Qxf2+ 33. Kh1 Nf3 34. h3 b4 35. Qd1 Bf8 36. Be6 Nh4 37. Qg1 Bc5 0-1

[Event "44th Chess Olympiad Women 2022"]
[Site "Chennai"]
[Date "2022.07.31"]
[Round "3.27"]
[White "Yakubbaeva, Nilufar"]
[Black "Mwango, Lorita"]
[Result "1-0"]
[WhiteElo "2299"]
[BlackElo "1920"]
[Annotator "RC"]
[PlyCount "71"]
[EventDate "2022.??.??"]
[TimeControl "60"]

1. e4 c6 2. d4 d5 3. Nd2 dxe4 4. Nxe4 Bf5 5. Ng3 Bg6 6. Nh3 e6 7. Nf4 Ne7 8. h4 h6 9. Nxg6 Nxg6 10. h5 Ne7 11. c4 Nd7 12. Be2 Ng8 13.
Bf4 Qa5+ 14. Kf1 Ngf6 15. a3 Be7 16. Kg1 O-O 17. Qc2 b5 18.
c5 Nd5 19. Bd2 Qd8 20. Rd1 a6 21. Rh3 Bg5 22. Ne4 Bxd2 23. Qxd2 f5 24. Nd6 Qg5 25. Bf3 Qxd2 26. Rxd2 Rf6 27. Bxd5 exd5 28. Re3 Raf8 29. Re7 Nb8 30. Rde2 g6 31. Ne8 R6f7 32. hxg6 Rxe7 33. Rxe7 Nd7 34. g7 Rf7 35. Rxd7 Rxd7 36. Nf6+ 1-0

[Event "44th Chess Olympiad Women 2022"]
[Site "Chennai"]
[Date "2022.07.31"]
[Round "3.28"]
[White "Besa, Masaiti"]
[Black "Nilssen, Ellen Fredericia"]
[Result "0-1"]
[WhiteElo "1745"]
[BlackElo "2142"]
[Annotator "NA RC"]
[PlyCount "58"]
[EventDate "2022.??.??"]
[TimeControl "60"]

1. d4 Nf6 2. Bf4 g6 3. Nf3 Bg7 4. Nc3 d5 5. h3 O-O 6. Qd2 Ne4 7. Nxe4 dxe4 8. Ne5 c5 9. e3 Qb6 10. c3 Rd8 11. Bc4 Be6 12. Bxe6 Qxe6 13. Qc2 g5 14. Bg3 f6 15. Ng4 Na6 16. Nh2 cxd4 17. exd4 f5 18.
Nf1 Bxd4 19. cxd4 Nb4 20. Qc3 Nd3+ 21. Kd2 f4 22. Bh2 Nxf2 23. Rg1 Rac8 24. Qb3 Rxd4+ 25. Ke2 Qxb3 26. axb3 Rc2+ 27. Ke1 Rxb2 28. g3 f3 29. g4 Re2# 0-1

[Event "44th Chess Olympiad Women 2022"]
[Site "Chennai"]
[Date "2022.07.31"]
[Round "3.28"]
[White "Fredericia, Louise"]
[Black "Moshoboro Arona"]
[Result "1-0"]
[WhiteElo "1990"]
[BlackElo "1611"]
[Annotator "NA RC"]
[PlyCount "97"]
[EventDate "2022.??.??"]
[TimeControl "60"]

1. e4 e6 2. c4 d5 3. cxd5 exd5 4. exd5 Nf6 5. Bb5+ Bd7 6. Bc4 Bc5 7. d4 Bb6 8. Nf3 O-O 9. h3 Bf5 10. Nc3 Ba5 11. O-O Bxc3 12. bxc3 Nxd5 13. Ba3 Re8 14. Ne5 Be6 15. Qf3 c6 16. Rab1 b5 17. Bb3 a5 18.
Bc1 a4 19. Bc2 Qf6 20. Qg3 Bf5 21. Ng4 Bxg4 22. hxg4 Nd7 23. Qd3 Nf8 24. g5 Qg6 25. Bd2 Qh5 26. Rfe1 Qg4 27. Re4 Rxe4 28. Qxe4 Qxe4 29. Bxe4 Rb8 30. c4 Ne7 31. Bb4 Nfg6 32. Bc5 Kh8 33. g3 Kg8 34. f4 Rb7 35. f5 Nf8 36. cxb5 Nc8 37. bxc6 Rxb1+ 38. Bxb1 g6 39. d5 Kg7 40. d6 gxf5 41. d7 Ne6 42. dxc8=Q Nxc5 43. Qxf5 Ne6 44. Qf6+ Kg8 45. Bf5 a3 46. Bxe6 fxe6 47. c7 h5 48. c8=Q+ Kh7 49. Qch8# 1-0

[Event "44th Chess Olympiad Women 2022"]
[Site "Chennai"]
[Date "2022.07.31"]
[Round "3.28"]
[White "Kakulidis, Ellen"]
[Black "Banda Natalie Katlo"]
[Result "1-0"]
[WhiteElo "2057"]
[BlackElo "1688"]
[Annotator "NA RC"]
[PlyCount "31"]
[EventDate "2022.??.??"]
[TimeControl "60"]

1. d4 d5 2. c4 c6 3. Nf3 Nf6 4. g3 dxc4 5. Bg2 b5 6. a4 Bb7 7. O-O a6 8. Qc2 Nbd7 9. b3 Nb6 10. Nbd2 cxb3 11. Nxb3 Nxa4 12. Rxa4 bxa4 13. Nc5 Ra7 14. Ne5 Nd5 15. Nxb7 Rxb7 16. Qxc6+ 1-0

[Event "44th Chess Olympiad Women 2022"]
[Site "Chennai"]
[Date "2022.07.31"]
[Round "3.28"]
[White "Otisitswe Ruth"]
[Black "Steffensen, Elena"]
[Result "0-1"]
[WhiteElo "1552"]
[BlackElo "2044"]
[Annotator "NA RC"]
[PlyCount "140"]
[EventDate "2022.??.??"]
[TimeControl "60"]

1. e4 g6 2. d4 Bg7 3. Nc3 c6 4. Nf3 d5 5. h3 Nf6 6. Bd3 dxe4 7. Nxe4 Nxe4 8.
Bxe4 O-O 9. O-O Nd7 10. Bg5 Nf6 11. Bd3 Re8 12. Re1 Be6 13.
c3 Bd5 14. Ne5 Nd7 15. Ng4 Nf6 16. Ne5 Qb6 17. Qc2 Rad8 18. Re2 Qa5 19. Bd2 Qc7 20. Bf4 Qc8 21. b3 Be6 22. Rae1 c5 23. Bb5 Rf8 24. dxc5 Qxc5 25. Bc4 Bxc4 26. Nxc4 Nd5 27. Be3 Qc7 28. Bxa7 b5 29. Rxe7 Nxe7 30. Bb6 Qd7 31. Bxd8 Rxd8 32. Na3 Nf5 33. c4 Nd4 34. Qe4 b4 35. Nc2 Nxc2 36. Qxc2 Bc3 37. Re2 Qd1+ 38. Qxd1 Rxd1+ 39. Kh2 Kf8 40. Kg3 Rd2 41. Rxd2 Bxd2 42. Kf3 Ke7 43. Ke4 Kd6 44. g4 Kc5 45. Ke5 Bc3+ 46. Ke4 Be1 47. f4 Bd2 48. Ke5 Bc3+ 49. Ke4 Bd4 50. f5 g5 51. Kd3 Bf6 52. Ke4 Kd6 53. Ke3 Ke5 54. Kd3 Be7 55.
Ke3 Bc5+ 56. Kf3 Kd4 57. Kg3 Kc3 58. h4 gxh4+ 59. Kxh4 Kb2 60. Kg5 Kxa2 61. Kf6 Kxb3 62. Kxf7 Kxc4 63. Kg7 b3 64. g5 b2 65. Kxh7 b1=Q 66. Kg6 Kd5 67. Kf6 Bd4+ 68. Ke7 Qxf5 69. g6 Qxg6 70. Kf8 Bc5# 0-1

[Event "44th Chess Olympiad Women 2022"]
[Site "Chennai"]
[Date "2022.07.31"]
[Round "3.29"]
[White "Ayzenberg, Alena"]
[Black "Natareno, Elvia"]
[Result "1-0"]
[WhiteElo "2023"]
[BlackElo "1581"]
[Annotator "NA COMBH"]
[PlyCount "56"]
[EventDate "2022.??.??"]
[TimeControl "60"]

1. d4 Nf6 2. c4 g6 3. Nc3 Bg7 4. e4 d6 5. Nf3 O-O 6. Be2 a6 7. h3 Nc6 8. d5 Na7 9. a4 e6 10. O-O Re8 11. Bd3 Bd7 12. Be3 Nc8 13. Qd2 exd5 14. cxd5 Rb8 15. Bg5 c5 16. Rfe1 b5 17. e5 dxe5 18. Nxe5 b4 19. Nxd7 Qxd7 20. Bxf6 Bxf6 21. Ne4 Bd4 22. Bxa6 Qd8 23. Bb5 Re5 24. Qf4 Kg7 25. Rad1 Qxd5 26. Nf6 Rxe1+ 27. Rxe1 Qd6 28. Ne4 Qd5 1-0

[Event "44th Chess Olympiad Women 2022"]
[Site "Chennai"]
[Date "2022.07.31"]
[Round "3.29"]
[White "Juarez Garcia, Daniela"]
[Black "Machlik, Edit"]
[Result "0-1"]
[WhiteElo "1725"]
[BlackElo "2084"]
[Annotator "NA RC"]
[PlyCount "94"]
[EventDate "2022.??.??"]
[TimeControl "60"]

1. e4 c6 2. d4 d5 3. exd5 cxd5 4. Bd3 Nc6 5. c3 Nf6 6. h3 g6 7. Qc2 Bg7 8. Nf3 Qc7 9. O-O O-O 10. Re1 Nh5 11. Be3 b6 12. a4 Bb7 13.
Na3 Rac8 14. Qd2 Rfe8 15. Nb5 Qd8 16. Bh6 Bh8 17. g4 Nf6 18.
Ne5 a6 19. Qg5 Nxe5 20. dxe5 axb5 21. exf6 Bxf6 22. Qd2 b4 23. cxb4 e5 24. g5 Bh8 25. a5 e4 26. Bb5 Re7 27. Red1 Qd6 28.
Rac1 Rec7 29. Rxc7 Qxc7 30. a6 Ba8 31. b3 d4 32. Bc4 Qe5 33.
b5 Re8 34. Kf1 Qf5 35. h4 Qh3+ 36. Ke1 Qh1+ 37. Bf1 Qxh4 38. Qe2 e3 39. Rc1 Qe4 40. fxe3 dxe3 41. Qc4 Qf3 42. Qd3 Qf2+ 43. Kd1 Bf3+ 44. Be2 Bxe2+ 45. Qxe2 Rd8+ 46. Kc2 Qxe2+ 47. Kb1 Qb2# 0-1

[Event "44th Chess Olympiad Women 2022"]
[Site "Chennai"]
[Date "2022.07.31"]
[Round "3.29"]
[White "Lopez L., Dairyn D."]
[Black "Rodsmoen, Maud"]
[Result "0-1"]
[WhiteElo "1574"]
[BlackElo "1975"]
[Annotator "NA RC"]
[PlyCount "50"]
[EventDate "2022.??.??"]
[TimeControl "60"]

1. d4 d5 2. e3 Nf6 3. Bd3 Bg4 4. Nf3 e6 5. Nbd2 c5 6. c3 Nc6 7. O-O Bd6 8.
Qe1 cxd4 9. exd4 Qc7 10. h3 Bh5 11. Bc2 O-O 12. Kh1 Rae8 13.
Rg1 e5 14. g4 exd4 15. Qf1 Bg6 16. Bxg6 fxg6 17. cxd4 Ne4 18. Qg2 Qf7 19. Rf1 Nxd2 20. Ng5 Qf4 21. Bxd2 Qxd2 22. Qxd5+ Kh8 23. Nf7+ Rxf7 24. Qxf7 Rf8 25. Qe6 Qf4 0-1

[Event "44th Chess Olympiad Women 2022"]
[Site "Chennai"]
[Date "2022.07.31"]
[Round "3.29"]
[White "Machlik, Monika"]
[Black "Mazariegos, Silvia Carolina"]
[Result "1-0"]
[WhiteElo "2111"]
[BlackElo "1851"]
[Annotator "NA"]
[PlyCount "75"]
[EventDate "2022.??.??"]
[TimeControl "60"]

1. d4 d6 2. Nf3 g6 3. g3 Bg7 4. Bg2 Nc6 5. O-O f5 6. d5 Nb8 7. Nd4 Nf6 8. c4 O-O 9. Nc3 a5 10. e4 fxe4 11. Nxe4 Nxe4 12. Bxe4 Na6 13. Bg5 Nc5 14. Bg2 h6 15. Be3 Rb8 16. Qd2 Kh7 17. Qxa5 e5 18. dxe6 Nxe6 19. Rad1 Bd7 20. Qd2 Qf6 21. Nxe6 Bxe6 22. b3 b6 23. Rfe1 Bg4 24. Rc1 Bf3 25. Bxf3 Qxf3 26. Qd5 Qxd5 27. cxd5 Rb7 28. Rc4 Ra8 29. a4 Bf6 30. Bd2 Rf8 31. Rf4 Rbb8 32. Rc1 Rbc8 33. Be3 g5 34. Rfc4 Bb2 35. Rxc7+ Rxc7 36. Rxc7+ Kg6 37. Rc6 Ba3 38. Rxb6 1-0

[Event "44th Chess Olympiad Women 2022"]
[Site "Chennai"]
[Date "2022.07.31"]
[Round "3.30"]
[White "Barbier, Astrid"]
[Black "Bagga, Khushi"]
[Result "1-0"]
[WhiteElo "1879"]
[BlackElo "1328"]
[Annotator "NA RC"]
[PlyCount "97"]
[EventDate "2022.??.??"]
[TimeControl "60"]

1. e4 e5 2. Nf3 Nc6 3. Bb5 Nd4 4. Nxd4 exd4 5. O-O c6 6.
Bc4 Bc5 7. Bxf7+ Kxf7 8. Qh5+ g6 9. Qxc5 Qf6 10. d3 d6 11.
Qg5 Qxg5 12. Bxg5 Be6 13. Nd2 h6 14. Bf4 Rd8 15. Bg3 Ne7 16.
Nb3 d5 17. Nxd4 dxe4 18. Nxe6 Kxe6 19. Rae1 Nd5 20. Rxe4+ Kf7 21. Rfe1 Rd7 22. f3 b6 23. a3 Rc8 24. Bf2 c5 25. g3 Nf6 26. R4e2 Nd5 27. Kf1 Nf6 28. Re5 c4 29. d4 c3 30. b3 g5 31. g4 Nd5 32. Rf5+ Kg6 33. h4 Ne7 34. Re6+ Kg7 35. Rff6 Ng8 36. Rg6+ Kf7 37. h5 Kf8 38. Kg2 Kf7 39. Kg3 Kf8 40. a4 Kf7 41. f4 gxf4+ 42. Kxf4 Kf8 43. Kg3 Rd5 44. Be3 Rc7 45. Rc6 Rdd7 46. d5 Kf7 47. Rxc7 Rxc7 48. d6 Rd7 49. Bxh6 1-0

[Event "44th Chess Olympiad Women 2022"]
[Site "Chennai"]
[Date "2022.07.31"]
[Round "3.30"]
[White "Ray, Hiya"]
[Black "Barbier, Wiebke"]
[Result "0-1"]
[WhiteElo "1586"]
[BlackElo "1970"]
[Annotator "NA RC"]
[PlyCount "76"]
[EventDate "2022.??.??"]
[TimeControl "60"]

1. d4 d5 2. Nf3 e6 3. c4 a6 4. Qc2 dxc4 5. Qxc4 b5 6. Qc2 Bb7 7. e4 Nc6 8. Qd1 Nf6 9. Bd3 Nb4 10. e5 Nxd3+ 11. Qxd3 Nd5 12. a3 h6 13. O-O c5 14. Nc3 c4 15. Qe4 Be7 16. Qg4 g6 17. Ne1 h5 18. Qh3 Qb6 19. Nc2 g5 20.
f4 g4 21. Qg3 O-O-O 22. f5 h4 23. Qe1 Rdg8 24. Ne4 h3 25.
g3 Qc6 26. Qe2 Nc7 27. f6 Bf8 28. Rf4 Nd5 29. Rf1 Rg6 30. Re1 Rh5 31. Bd2 Rf5 32. Nb4 Bxb4 33. axb4 Kb8 34. Ra3 Qb6 35. Nd6 Qxd4+ 36. Be3 Nxe3 37. Qxe3 Qd5 38. Re2 Qh1# 0-1

[Event "44th Chess Olympiad Women 2022"]
[Site "Chennai"]
[Date "2022.07.31"]
[Round "3.30"]
[White "Smith, Olivia"]
[Black "Goossens, Hanne"]
[Result "1/2-1/2"]
[WhiteElo "2038"]
[BlackElo "2159"]
[Annotator "RC"]
[PlyCount "118"]
[EventDate "2022.??.??"]
[TimeControl "60"]

1. e4 c5 2. Nf3 d6 3. d4 cxd4 4. Nxd4 Nf6 5. Nc3 Nc6 6. Bg5 e6 7. Qd2 a6 8. O-O-O Bd7 9. f4 Be7 10. Kb1 h6 11. Bh4 b5 12. Bxf6 Bxf6 13.
Nxc6 Bxc6 14. Qxd6 Qxd6 15. Rxd6 Rc8 16. e5 Be7 17. Rd1 g5 18.
Bd3 Bxg2 19. Rhg1 Bb7 20. f5 Bc5 21. Rgf1 Bg2 22. Rfe1 Bf3 23.
Rd2 Bb4 24. fxe6 fxe6 25. Re3 Bxc3 26. bxc3 g4 27. Be4 Rf8 28. Rd6 Rc4 29. Rxe6+ Kd7 30. Rd6+ Ke7 31. Bd3 Rxc3 32. Rxa6 Rc6 33. Ra7+ Ke6 34. Bxb5 Rb8 35. a4 Rc5 36. Rh7 Kf5 37. Rf7+ Kg5 38. e6 Bd5 39. Re5+ Kg6 40. Kc1 Bxe6 41. Rxc5 Bxf7 42. a5 Ra8 43. a6 Ra7 44. Kd2 h5 45. Ke3 Kf6 46. Kf4 Ke6 47. Ke4 Kf6 48.
Kd4 h4 49. Ke3 Be6 50. Rh5 g3 51. hxg3 hxg3 52. Kf3 Bg4+ 53. Kxg4 Rg7+ 54. Kf4 g2 55. Rf5+ Ke6 56. Re5+ Kd6 57. Re1 g1=Q 58. Rxg1 Rxg1 59. Bd3 Rg6 1/2-1/2

[Event "44th Chess Olympiad Women 2022"]
[Site "Chennai"]
[Date "2022.07.31"]
[Round "3.30"]
[White "Vanduyfhuys, Daria"]
[Black "Chong, Kimberly"]
[Result "1-0"]
[WhiteElo "2094"]
[BlackElo "1741"]
[Annotator "NA RC"]
[PlyCount "97"]
[EventDate "2022.??.??"]
[TimeControl "60"]

1. d4 Nf6 2. c4 c5 3. d5 b5 4. cxb5 a6 5. e3 g6 6. Nc3 Bg7 7. Nf3 d6 8. bxa6 O-O 9. Be2 Bxa6 10. O-O Nbd7 11. e4 Ne8 12. Bf4 Qa5 13. Bxa6 Rxa6 14. Qc2 Nc7 15. Rfe1 Nb5 16. Bd2 Rb8 17. Nd1 Qb6 18. a4 Nd4 19. Nxd4 Bxd4 20. Bc3 Be5 21. Ne3 Qb3 22. Rec1 Qxc2 23. Rxc2 Bxc3 24. bxc3 Rba8 25. Rca2 Rb8 26. Kf1 Rb3 27. Ra3 Rxa3 28. Rxa3 Kf8 29. Ke2 Ke8 30. Nc4 Nb6 31. Nxb6 Rxb6 32. a5 Ra6 33. Kd3 Kd7 34. Kc4 Kc7 35. f4 f6 36. Ra1 Ra8 37. h3 h5 38. g3 Kb7 39. Kb5 Kc7 40. e5 Rb8+ 41. Kc4 fxe5 42. fxe5 Rf8 43. exd6+ exd6 44. h4 Kb7 45.
Rb1+ Kc7 46. a6 Ra8 47. Rb7+ Kd8 48. Kb5 Kc8 49. Rg7 1-0

[Event "44th Chess Olympiad Women 2022"]
[Site "Chennai"]
[Date "2022.07.31"]
[Round "3.31"]
[White "Maklakova, Nellija"]
[Black "Castillo Beitia, Ashley Alexandra"]
[Result "1/2-1/2"]
[WhiteElo "1819"]
[BlackElo "1587"]
[Annotator "NA RC"]
[PlyCount "120"]
[EventDate "2022.??.??"]
[TimeControl "60"]

1. c4 c6 2. d4 d5 3. e3 Nf6 4. Nf3 Bg4 5. Nc3 e6 6. h3 Bxf3 7. gxf3 Nbd7 8.
Bd2 Bd6 9. c5 Bc7 10. Rg1 g6 11. f4 b6 12. Qa4 bxc5 13. Qxc6 cxd4 14. Nb5 Ba5 15. b4 dxe3 16. fxe3 Bb6 17. Nd6+ Kf8 18. Rc1 Kg7 19. Ba6 Ne8 20. Nxe8+ Rxe8 21. Ke2 Nf6 22. a4 Ne4 23. a5 Qh4 24. Rcf1 Ng3+ 25. Rxg3 Qxg3 26. axb6 axb6 27. Bc3+ Kg8 28.
Qxb6 Qg2+ 29. Ke1 Qe4 30. b5 Reb8 31. Qd4 Qxd4 32. Bxd4 Kf8 33. Kd2 Ke7 34. Rc1 Kd7 35. Be5 Rb6 36. Rc7+ Ke8 37. Bd4 Rbb8 38. Kd3 Rd8 39. Bc5 Rd7 40. Rc8+ Rxc8 41. Bxc8 Rc7 42. Bd6 Rxc8 43. b6 Kd7 44. b7 Rd8 45. b8=Q Rxb8 46. Bxb8 f6 47. Kd4 Kc6 48. h4 h6 49. Kd3 Kd7 50. Ba7 e5 51. Bc5 exf4 52. exf4 Ke6 53. Ke3 g5 54. h5 Kf5 55. Kf3 gxf4 56. Bd6 Kg5 57. Bxf4+ Kxh5 58. Be3 Kg6 59. Kf4 h5 60. Bd4 h4 1/2-1/2